 Dungeon Crawl Stone Soup version 0.20.0-8-g6b59dc7 (webtiles) character file.

305 straycat the Ducker (level 6, -5/47 HPs)
             Began as a Vampire Wanderer on May 30, 2017.
             Slain by Crazy Yiuf
             ... wielding a +4 quarterstaff of chaos
              (6 damage)
             ... on level 2 of the Dungeon.
             The game lasted 00:15:34 (2327 turns).

straycat the Ducker (Vampire Wanderer)              Turns: 2327, Time: 00:15:35

Health: -5/47      AC:  4    Str: 12    XL:     6   Next: 15%
Magic:  0/6        EV: 17    Int: 13    God:
Gold:   76         SH:  0    Dex: 16    Spells: 5/5 levels left

rFire    . . .     SeeInvis +   s - +1 scythe
rCold    + . .     Gourm    .   (shield currently unavailable)
rNeg     + . .     Faith    .   t - +2 robe {rC+}
rPois    .         Spirit   .   (no helmet)
rElec    .         Reflect  .   (no cloak)
rCorr    .         Harm     .   (no gloves)
MR       .....                  (no boots)
Stlth    ++........             i - amulet of regeneration
Regen    0.6/turn               (no ring)
MPRegen  0.1/turn               (no ring)

@: no status effects
A: fangs 3, see invisible, unbreathing
a: Bat Form


You were on level 2 of the Dungeon.
You were not thirsty.

You visited 1 branch of the dungeon, and saw 3 of its levels.

You collected 76 gold pieces.

Inventory:

Hand Weapons
 b - a +0 hand crossbow
 h - a +0 hand axe
 j - a +0 dagger
 q - a +0 hunting sling
 r - a +0 short sword
 s - a +1 scythe (weapon)
Missiles
 l - 4 tomahawks of returning
 n - 56 arrows
 p - 12 stones (quivered)
Armour
 a - a +0 shield
 m - a +0 chain mail
 t - a +2 robe of cold resistance (worn)
Jewellery
 i - an amulet of regeneration (around neck)
Wands
 u - a wand of random effects (30/48)
Scrolls
 d - 2 scrolls of teleportation
 k - a scroll of enchant armour {unknown}
Potions
 f - 14 potions of blood
 g - a potion of flight {unknown}
 o - 2 potions of brilliance
 v - a potion of haste {unknown}


   Skills:
 - Level 3.6 Fighting
   Level 1.5 Bows
 - Level 1.0 Armour
 * Level 6.7 Dodging
 - Level 1.5 Stealth
 - Level 1.0 Shields
 - Level 1.1 Unarmed Combat


You had 5 spell levels left.
You didn't know any spells.

Dungeon Overview and Level Annotations

Branches:
Dungeon (3/15)

Altars:

Annotations:
D:2 Crazy Yiuf


Innate Abilities, Weirdness & Mutations

You have razor-sharp teeth.
You have supernaturally acute eyesight. (SInv)
You can survive without breathing.


Message History

Okay, then.
Yummy - fresh blood!
You are feeling thirsty.
Crazy Yiuf barely misses you.
Yummy - fresh blood!
Crazy Yiuf hits you with a quarterstaff of chaos!
* * * LOW HITPOINT WARNING * * *
You feel much better.
You closely miss Crazy Yiuf.
Crazy Yiuf is moderately wounded.
Crazy Yiuf misses you.
Crazy Yiuf hits you with a quarterstaff of chaos!
* * * LOW HITPOINT WARNING * * *
You feel your power leaking away.
You slash Crazy Yiuf! You bite Crazy Yiuf, but do no damage.
Crazy Yiuf is almost dead.
Crazy Yiuf hits you with a quarterstaff of chaos!
* * * LOW HITPOINT WARNING * * *
Crazy Yiuf burns you.
You die...

##....####..÷##......
#+..'# ###..##......
#....# #............
♣....♣ #............
♣♣...♣ #...........#
♣♣.♣♣ #.....#######
♣♣.♣ ####†.#######
♣.♣♣ #####..#.....
♣♣@♣ #....[.......
♣g♣♣ #............
#(# #............ ...
#............ #...#
######....... #)(.#
#....... #####
###..#### #....#...
#....#.##


You could see Crazy Yiuf.

Vanquished Creatures
  Sigmund (D:2)
  Natasha (twice) (D:2)
  4 adders
  An ooze (D:1)
  A worm (D:2)
  2 dart slugs
  3 leopard geckos
  5 giant cockroaches
  8 goblins
  2 hobgoblins
  2 jackals
  6 kobolds
  A quokka (D:2)
  2 bats (D:1)
  A frilled lizard (D:1)
  5 rats
  A plant (D:1)
  A toadstool (D:1)
48 creatures vanquished.

Vanquished Creatures (others)
  3 toadstools (D:1)
3 creatures vanquished.

Grand Total: 51 creatures vanquished

Notes
Turn   | Place    | Note
-------+----------+-------------------------------------------
     0 | D:1      | straycat the Vampire Wanderer began the quest for the Orb.
     0 | D:1      | straycat set off with: a +0 shield, a +0 hand crossbow, 24 bolts, a scroll of teleportation, a +0 robe, a potion of blood
     0 | D:1      | Reached XP level 1. HP: 18/18 MP: 1/1
   145 | D:1      | Reached skill level 1 in Dodging
   249 | D:1      | Reached XP level 2. HP: 22/24 MP: 2/2
   292 | D:1      | Reached skill level 2 in Dodging
  1371 | D:1      | Reached skill level 3 in Dodging
  1371 | D:1      | Reached XP level 3. HP: 11/29 MP: 3/3
  1585 | D:2      | Noticed Sigmund
  1712 | D:2      | Killed Sigmund
  1712 | D:2      | Reached skill level 5 in Dodging
  1712 | D:2      | Reached XP level 4. HP: 36/36 MP: 4/4
  1712 | D:2      | Reached XP level 5. HP: 41/41 MP: 5/5
  1811 | D:2      | Noticed Natasha
  1815 | D:2      | Killed Natasha
  1815 | D:2      | Reached skill level 6 in Dodging
  1975 | D:2      | Noticed Natasha
  1980 | D:2      | Killed Natasha
  1980 | D:2      | Reached XP level 6. HP: 32/47 MP: 6/6
  2300 | D:2      | Found a runed door.
  2309 | D:2      | Noticed Crazy Yiuf
  2327 | D:2      | HP: 1/47 [Crazy Yiuf/quarterstaff of chaos (14)]
  2327 | D:2      | Slain by Crazy Yiuf

Skill      XL: |  1  2  3  4  5 |
---------------+----------------+-----
Dodging        | 1 3 5 6 |  6.7
Fighting       | |  3.6
Bows           | |  1.5
Armour         | |  1.0
Stealth        | |  1.5
Shields        | |  1.0
Unarmed Combat | |  1.1

Action                   |  1- 3 |  4- 6 || total
-------------------------+-------+-------++-------
Melee: Hand crossbow     |   540 |    10 ||   550
       Bite              |    72 |     5 ||    77
       Scythe            |       |    16 ||    16
       Unarmed           |       |     3 ||     3
 Fire: Hand crossbow     |    86 |    41 ||   127
Throw: Tomahawk          |       |     6 ||     6
       Stone             |       |     4 ||     4
  Use: Potion            |     3 |     3 ||     6
       Scroll            |       |     3 ||     3
Armor: Robe              |     5 |    15 ||    20
Dodge: Dodged            |    37 |    74 ||   111
Block: Shield            |    28 |    22 ||    50
